 Dungeon Crawl Stone Soup version 0.22-a0-280-g69bf1f3 (webtiles) character file.

22047 tidbits the Martial Artist (level 12, -1/92 HPs)
             Began as a Gnoll Transmuter on Mar 16, 2018.
             Was a High Priest of Cheibriados.
             Slain by a deep troll (20 damage)
             ... on level 2 of the Orcish Mines.
             The game lasted 00:49:47 (4234 turns).

tidbits the Martial Artist (Gnoll Transmuter)       Turns: 4234, Time: 00:49:48

Health: -1/92      AC:  0    Str: 26    XL:     12   Next: 96%
Magic:  1/25       EV: 22    Int: 33    God:    Cheibriados [*****.]
Gold:   1034       SH:  0    Dex: 29    Spells: 8/29 levels left

rFire    + . .     SeeInvis .     - Unarmed
rCold    . . .     Gourm    +   (shield currently unavailable)
rNeg     . . .     Faith    .   (no armour)
rPois    .         Spirit   .   (no helmet)
rElec    .         Reflect  .   (no cloak)
rCorr    .         Harm     .   (gloves currently unavailable)
MR       .....                  (no boots)
Stlth    ++++++....             N - amulet of the gourmand
HPRegen  0.25/turn              z - ring of stealth
MPRegen  0.19/turn              C - ring of protection from fire

@: blade hands, very slow
A: distributed training, fangs 1, strong nose
a: End Transformation, Bend Time, Temporal Distortion, Slouch, Step From Time,
Renounce Religion


You were on level 2 of the Orcish Mines.
You worshipped Cheibriados.
Cheibriados was extremely pleased with you.
You were not hungry.
You had blades for hands.
You visited 3 branches of the dungeon, and saw 16 of its levels.
You also visited: Bailey.

You collected 1633 gold pieces.
You spent 599 gold pieces at shops.

Inventory:

Hand Weapons
 a - the +9 dagger "Hiddeiry" (melded) {flame, MR+}
   (You took it off a kobold in a bailey)

   It has been specially enchanted to burn those struck by it, causing extra
   injury to most foes and up to half again as much damage against particularly
   susceptible opponents.
   It affects your resistance to hostile enchantments.
 f - a +0 dagger
 m - a cursed -1 scimitar
 q - a +0 war axe
 v - a +0 long sword
 E - a +0 morningstar
 K - a cursed +3 scimitar
 M - a +0 broad axe
 Z - a +1 trident of piercing
   (You took it off a gnoll sergeant on level 11 of the Dungeon)
Missiles
 i - 32 tomahawks of returning (quivered)
 k - 143 stones
 l - 2 throwing nets {!f}
 s - 14 tomahawks
 y - 39 sling bullets
 I - 53 arrows
 V - 2 poisoned javelins
Armour
 B - the +4 scale mail of the Mind {Dex+4}
   (You bought it in a shop on level 8 of the Dungeon)

   It affects your dexterity (+4).
 R - a +0 troll leather armour
 Y - the +13 chain mail "Houruyrgh" {rPois, unknown}
   (You found it on level 11 of the Dungeon)

   It protects you from poison.
Magical Staves
 t - an uncursed staff of death {unknown}
   (You found it on level 5 of the Dungeon)
Jewellery
 u - an uncursed ring of ice
   (You found it on level 5 of the Dungeon)
 z - a ring of stealth (left scythe-like blade)
   (You found it on level 8 of the Dungeon)
 C - a ring of protection from fire (right scythe-like blade)
   (You found it on level 8 of the Dungeon)
 H - an uncursed ring of flight
   (You found it in a bailey)
 N - an amulet of the gourmand (around neck)
   (You bought it in a shop on level 8 of the Dungeon)
 S - an uncursed ring of positive energy
   (You found it on level 9 of the Dungeon)
Wands
 d - a wand of digging (8)
 g - a wand of polymorph (11)
 p - a wand of paralysis (6)
 X - a wand of flame (32)
Scrolls
 e - a scroll of noise
 h - 3 scrolls of immolation
 n - 5 scrolls of teleportation
 r - a scroll of remove curse
 w - a scroll of blinking
 x - a scroll of enchant weapon
 A - a scroll of amnesia
 F - 2 scrolls of fear
 G - a scroll of silence
 U - 3 scrolls of magic mapping
 W - 2 scrolls of enchant armour {unknown}
Potions
 b - a potion of brilliance {unknown}
 j - a potion of magic {unknown}
 o - 4 potions of curing
 D - a potion of heal wounds {unknown}
 L - 2 potions of flight
 O - 3 potions of ambrosia
 P - a potion of invisibility
 Q - 2 potions of lignification {unknown}
Miscellaneous
 J - a box of beasts
Comestibles
 c - 30 rations


   Skills:
 + Level 8.1 Fighting
 + Level 7.6 Short Blades
 + Level 7.6 Long Blades
 + Level 7.6 Axes
 + Level 7.6 Maces & Flails
 + Level 7.6 Polearms
 + Level 7.6 Staves
 + Level 7.6 Slings
 + Level 7.6 Bows
 + Level 7.6 Crossbows
 + Level 7.6 Throwing
 + Level 7.6 Armour
 + Level 9.0 Dodging
 + Level 7.6 Stealth
 + Level 7.6 Shields
 + Level 10.1 Unarmed Combat
 + Level 9.2 Spellcasting
 + Level 6.3 Conjurations
 + Level 6.3 Hexes
 + Level 6.3 Charms
 + Level 6.3 Summonings
 + Level 6.3 Necromancy
 + Level 6.3 Translocations
 + Level 7.5 Transmutations
 + Level 6.3 Fire Magic
 + Level 6.3 Ice Magic
 + Level 6.3 Air Magic
 + Level 6.3 Earth Magic
 + Level 6.3 Poison Magic
 + Level 8.4 Invocations
 + Level 7.6 Evocations


You had 8 spell levels left.
You knew the following spells:

 Your Spells              Type           Power        Failure   Level  Hunger
c - Conjure Flame         Conj/Fire      ######..     13%         3    None
e - Beastly Appendage     Tmut           ######       8%          1    None
h - Blade Hands           Tmut           ######....   28%         5    ###....
i - Ice Form              Ice/Tmut       ######..     21%         4    None
k - Sticks to Snakes      Tmut           ######..     9%          2    None
m - Mephitic Cloud        Conj/Pois/Air  ######..     13%         3    None
p - Spider Form           Tmut/Pois      ######....   12%         3    None


Dungeon Overview and Level Annotations

Branches:
Dungeon (13/15)            Temple (1/1) D:4             Orc (2/2) D:12
   Lair: D:8-11         Elf: Orc:2       Vaults: D:13-14

Altars:
Ashenzari
Cheibriados
Dithmenos
Elyvilon
Fedhas
Kikubaaqudgha
Makhleb
Nemelex Xobeh
Okawaru
Qazlal
Ru
Sif Muna
Uskayaw
Vehumet
Wu Jian
Xom
Yredelemnul
Zin
The Shining One
Beogh

Shops:
D:8 *   D:9 *   D:12 =:   Orc:1 =   Orc:2 [*

Annotations:
D:3 Sigmund
D:9 Lair


Innate Abilities, Weirdness & Mutations

Your experience applies equally to all skills.
You have very sharp teeth.
Your uncanny sense of smell can sniff out nearby items.


Message History

Casting: Sticks to Snakes (safe; 1% risk of failure)
Confirm with . or Enter, or press ? or * to list all spells.
You create 4 snakes!
You now have 53 arrows.
The troll bites your adder!
Your adder dies!
Your adder bites the troll.
The troll dies!
Cheibriados thoroughly appreciates the change of pace.
Your Dodging skill increases to level 9!
Your adder looks stronger.
What are your orders? t - Bark!
Orders for allies: a - Attack new target. r - Retreat! s - Stop attacking. g - Guard the area. f - Follow me.
Anything else - Cancel.
Gang up on whom?
Press: ? - help, Dir - move target cursor, f - ogre
Aim: an ogre, wielding a giant club Attack!
Your adder bites the ogre.
Your adder barely misses the ogre.
Your adder closely misses the ogre.
Your adder bites the ogre.
The ogre is poisoned.
Your adder poisons the ogre!
The ogre misses your adder.
Things that are here:
a giant spiked club; an ogre corpse Your adder barely misses the ogre.
Your adder bites the ogre.
The ogre looks even sicker.
Your adder poisons the ogre!
Your adder bites the ogre.
The ogre looks as sick as possible!
Your adder poisons the ogre!
The ogre misses your adder.
Your adder bites the ogre. x2
Your adder bites the ogre but does no damage.
Your adder bites the ogre.
The ogre looks as sick as possible!
Your adder poisons the ogre!
Your adder bites the ogre.
The ogre closely misses your adder.
Your adder bites the ogre.
You see here a giant spiked club.
The ogre dies!
Cheibriados appreciates the change of pace.
Your adder looks stronger.
Found Weseitam's Assorted Antiques.
Things that are here:
a giant spiked club x2; a two-headed ogre corpse You swap places.
A two-headed ogre comes into view. It is wielding two giant clubs.
A deep troll comes into view.
You see here a giant spiked club.
Found Cetz's Antique Armour Shop.
Unknown command.
Casting: Sticks to Snakes (safe; 1% risk of failure)
Confirm with . or Enter, or press ? or * to list all spells.
You don't have enough magic to cast that spell.
You swap places.
The two-headed ogre closely misses your adder.
The two-headed ogre barely misses your adder.
Casting: Sticks to Snakes (safe; 1% risk of failure)
Confirm with . or Enter, or press ? or * to list all spells.
Your hands turn into razor-sharp scythe blades.
The +9 dagger "Hiddeiry" {flame, MR+} melds into your body.
The +9 dagger "Hiddeiry" {flame, MR+} stops flaming.
The two-headed ogre hits your adder with a giant club!
Your adder dies!
Your adder barely misses the two-headed ogre.
Your adder bites the two-headed ogre. x3
The two-headed ogre barely misses your adder.
The two-headed ogre closely misses your adder.
Your adder completely misses the two-headed ogre. x2
Your adder bites the two-headed ogre but does no damage.
The deep troll bites your adder!!
Your adder dies!
Your adder bites the two-headed ogre.
Your adder barely misses the two-headed ogre. x2
Your adder bites the two-headed ogre but does no damage.
The deep troll barely misses your adder.
The deep troll closely misses your adder.
The deep troll claws your adder.
You hit the two-headed ogre but do no damage.
You slash the two-headed ogre!!
The two-headed ogre is severely wounded.
Your adder bites the two-headed ogre but does no damage.
The two-headed ogre barely misses you.
The two-headed ogre hits you with a giant club!
* * * LOW HITPOINT WARNING * * *
Your adder bites the two-headed ogre.
Your adder barely misses the two-headed ogre.
The deep troll closely misses your adder.
The deep troll barely misses your adder.
The deep troll claws your adder!
Your adder dies!
You slice the two-headed ogre!!
You kill the two-headed ogre!
Cheibriados thoroughly appreciates the change of pace.
The deep troll bites you!
* * * LOW HITPOINT WARNING * * *
The deep troll claws you!
* * * LOW HITPOINT WARNING * * *
The deep troll misses you.
Your adder bites the deep troll but does no damage. x2
You slice the deep troll!!
You bite the deep troll, but do no damage.
The deep troll is heavily wounded.
The deep troll misses you. The deep troll claws you!!
You die...

## ## ##.##.#
##### ......
#....#.
.....###...∩...
##....#........
##.#...#........
##...............
#......@T........
#....#.SS)#.∩...
##....(..)# .#.
##.....)..#
##.....().##
#.......)..#
#.##.....##
#####)....#### ##
##.[).....#.#


You could see a deep troll and 2 friendly adders.

Vanquished Creatures
  Erolcha (D:11)
  7 two-headed ogres
  2 orc knights
  A deep elf mage (D:10)
  2 cyclopes
  A centaur zombie (D:11)
  Psyche (D:12)
  Joseph (D:8)
  A gargoyle (D:12)
  2 centaur skeletons (D:11)
  6 trolls (Orc:2)
  A queen bee (Orc:1)
  A hornet (D:12)
  A wraith (D:12)
  10 yaks
  2 hungry ghosts
  Menkaure (D:4)
  2 wargs (Orc:1)
  A water moccasin (D:11)
  15 orc warriors
  4 phantoms
  2 ice beasts
  12 ogres
  A necrophage (D:8)
  A centaur (D:8)
  A big kobold (D:11)
  2 crocodiles
  4 bullfrogs
  2 gnoll sergeants
  A wyvern skeleton (D:10)
  26 killer bees
  2 scorpions
  4 wights (D:8)
  A howler monkey (D:8)
  4 crimson imps
  A bullfrog zombie (D:12)
  A quasit (D:6)
  3 jellies
  9 orc wizards
  10 orc priests
  A gnoll shaman (D:8)
  A hound (D:12)
  A bullfrog skeleton (D:12)
  Ijyb (D:4)
  A worker ant (D:7)
  A hound zombie (D:5)
  A howler monkey zombie (D:10)
  9 adders
  22 gnolls
  A shadow imp (D:12)
  2 oozes
  An adder zombie (D:5)
  A worm (D:4)
  A dart slug (D:2)
  A leopard gecko (D:5)
  43 orcs
  5 giant cockroaches
  9 goblins
  4 hobgoblins
  6 jackals
  3 quokkas
  3 ball pythons
  3 bats (D:1)
  3 frilled lizards
  18 kobolds
  2 quokka skeletons
  A quokka zombie (D:5)
  3 rats
298 creatures vanquished.

Vanquished Creatures (collateral kills)
  An ogre mage (Orc:2)
  3 two-headed ogres (Orc:2)
  A deep troll (Orc:2)
  A cyclops (Orc:2)
  3 trolls
  A hippogriff (D:11)
  A black bear (D:8)
  An orc warrior (D:10)
  6 ogres (Orc:2)
  An orc wizard (Orc:2)
  An adder (D:4)
  A giant cockroach (D:2)
21 creatures vanquished.

Vanquished Creatures (others)
  An orc wizard (D:5)
  A fungus (D:9)
2 creatures vanquished.

Grand Total: 321 creatures vanquished

Notes
Turn   | Place    | Note
-------+----------+-------------------------------------------
     0 | D:1      | tidbits the Gnoll Transmuter began the quest for the Orb.
     0 | D:1      | Reached XP level 1. HP: 17/17 MP: 6/6
   184 | D:2      | Reached XP level 2. HP: 23/23 MP: 5/7
   188 | D:2      | Learned a level 2 spell: Sticks to Snakes
   353 | D:2      | HP: 1/23 [kobold/short sword (3)]
   355 | D:2      | Reached XP level 3. HP: 2/28 MP: 7/9
   384 | D:2      | Learned a level 3 spell: Spider Form
   388 | D:3      | Noticed Sigmund
   401 | D:2      | Reached skill level 5 in Spellcasting
   402 | D:2      | HP: 2/28 [kobold/dagger (3)]
   417 | D:2      | Found a hide-covered altar of Uskayaw.
   424 | D:2      | HP: 2/28 [giant cockroach (2)]
   428 | D:2      | Found an ancient bone altar of Kikubaaqudgha.
   429 | D:2      | Found a sacrificial altar of Ru.
   442 | D:2      | Found a shadowy altar of Dithmenos.
   493 | D:2      | Reached skill level 1 in Invocations
   588 | D:3      | Reached skill level 1 in Short Blades
   588 | D:3      | Reached skill level 1 in Long Blades
   588 | D:3      | Reached skill level 1 in Axes
   588 | D:3      | Reached skill level 1 in Maces & Flails
   588 | D:3      | Reached skill level 1 in Polearms
   588 | D:3      | Reached skill level 1 in Staves
   588 | D:3      | Reached skill level 1 in Slings
   588 | D:3      | Reached skill level 1 in Bows
   588 | D:3      | Reached skill level 1 in Crossbows
   588 | D:3      | Reached skill level 1 in Throwing
   588 | D:3      | Reached skill level 1 in Armour
   588 | D:3      | Reached skill level 1 in Stealth
   588 | D:3      | Reached skill level 1 in Shields
   588 | D:3      | Reached skill level 1 in Evocations
   595 | D:3      | Reached XP level 4. HP: 9/34 MP: 4/11
   748 | D:4      | Found a white marble altar of Elyvilon.
   795 | D:4      | Noticed Ijyb
   801 | D:4      | Killed Ijyb
   828 | D:4      | Reached skill level 1 in Conjurations
   828 | D:4      | Reached skill level 1 in Hexes
   828 | D:4      | Reached skill level 1 in Charms
   828 | D:4      | Reached skill level 1 in Summonings
   828 | D:4      | Reached skill level 1 in Necromancy
   828 | D:4      | Reached skill level 1 in Translocations
   828 | D:4      | Reached skill level 1 in Fire Magic
   828 | D:4      | Reached skill level 1 in Ice Magic
   828 | D:4      | Reached skill level 1 in Air Magic
   828 | D:4      | Reached skill level 1 in Earth Magic
   828 | D:4      | Reached skill level 1 in Poison Magic
   832 | D:4      | Noticed Menkaure
   854 | D:4      | Killed Menkaure
   854 | D:4      | Reached skill level 3 in Fighting
   854 | D:4      | Reached skill level 4 in Transmutations
   854 | D:4      | Reached XP level 5. HP: 27/41 MP: 0/12
   876 | D:4      | Found a stormy altar of Qazlal.
   902 | D:4      | Noticed an ogre
   910 | D:4      | Killed an ogre
   910 | D:4      | Reached skill level 2 in Invocations
   910 | D:4      | Reached XP level 6. HP: 29/47 MP: 2/14
   918 | D:5      | Entered Level 5 of the Dungeon
   936 | D:4      | Reached skill level 5 in Dodging
   945 | D:4      | Found a staircase to the Ecumenical Temple.
   951 | Temple   | Entered the Ecumenical Temple
  1048 | Temple   | Became a worshipper of Cheibriados the Contemplative
  1107 | D:5      | Reached skill level 2 in Short Blades
  1107 | D:5      | Reached skill level 2 in Long Blades
  1107 | D:5      | Reached skill level 2 in Axes
  1107 | D:5      | Reached skill level 2 in Maces & Flails
  1107 | D:5      | Reached skill level 2 in Polearms
  1107 | D:5      | Reached skill level 2 in Staves
  1107 | D:5      | Reached skill level 2 in Slings
  1107 | D:5      | Reached skill level 2 in Bows
  1107 | D:5      | Reached skill level 2 in Crossbows
  1107 | D:5      | Reached skill level 2 in Throwing
  1107 | D:5      | Reached skill level 2 in Armour
  1107 | D:5      | Reached skill level 2 in Stealth
  1107 | D:5      | Reached skill level 2 in Shields
  1107 | D:5      | Reached skill level 2 in Evocations
  1272 | D:4      | Reached * piety under Cheibriados
  1294 | D:5      | Noticed an ice beast
  1302 | D:5      | Learned a level 4 spell: Ice Form
  1329 | D:5      | Killed an ice beast
  1329 | D:5      | Reached skill level 7 in Unarmed Combat
  1329 | D:5      | Reached XP level 7. HP: 31/52 MP: 9/15
  1345 | D:5      | Found an iron altar of Okawaru.
  1527 | D:6      | Reached skill level 2 in Conjurations
  1527 | D:6      | Reached skill level 2 in Hexes
  1527 | D:6      | Reached skill level 2 in Charms
  1527 | D:6      | Reached skill level 2 in Summonings
  1527 | D:6      | Reached skill level 2 in Necromancy
  1527 | D:6      | Reached skill level 2 in Translocations
  1527 | D:6      | Reached skill level 2 in Fire Magic
  1527 | D:6      | Reached skill level 2 in Ice Magic
  1527 | D:6      | Reached skill level 2 in Air Magic
  1527 | D:6      | Reached skill level 2 in Earth Magic
  1527 | D:6      | Reached skill level 2 in Poison Magic
  1612 | D:8      | Noticed Joseph
  1632 | D:8      | Killed Joseph
  1632 | D:8      | Reached skill level 4 in Fighting
  1632 | D:8      | Reached skill level 3 in Short Blades
  1632 | D:8      | Reached skill level 3 in Long Blades
  1632 | D:8      | Reached skill level 3 in Axes
  1632 | D:8      | Reached skill level 3 in Maces & Flails
  1632 | D:8      | Reached skill level 3 in Polearms
  1632 | D:8      | Reached skill level 3 in Staves
  1632 | D:8      | Reached skill level 3 in Slings
  1632 | D:8      | Reached skill level 3 in Bows
  1632 | D:8      | Reached skill level 3 in Crossbows
  1632 | D:8      | Reached skill level 3 in Throwing
  1632 | D:8      | Reached skill level 3 in Armour
  1632 | D:8      | Reached skill level 3 in Stealth
  1632 | D:8      | Reached skill level 3 in Shields
  1632 | D:8      | Reached skill level 3 in Invocations
  1632 | D:8      | Reached skill level 3 in Evocations
  1632 | D:8      | Reached XP level 8. HP: 50/60 MP: 1/16
  1683 | D:8      | Reached skill level 6 in Spellcasting
  1689 | D:8      | Reached ** piety under Cheibriados
  1966 | D:8      | Found a flagged portal.
  1973 | D:8      | Reached skill level 4 in Invocations
  1977 | D:8      | Reached skill level 3 in Conjurations
  1977 | D:8      | Reached skill level 3 in Hexes
  1977 | D:8      | Reached skill level 3 in Charms
  1977 | D:8      | Reached skill level 3 in Summonings
  1977 | D:8      | Reached skill level 3 in Necromancy
  1977 | D:8      | Reached skill level 3 in Translocations
  1977 | D:8      | Reached skill level 3 in Fire Magic
  1977 | D:8      | Reached skill level 3 in Ice Magic
  1977 | D:8      | Reached skill level 3 in Air Magic
  1977 | D:8      | Reached skill level 3 in Earth Magic
  1977 | D:8      | Reached skill level 3 in Poison Magic
  1995 | Bailey   | Entered a bailey
  2021 | Bailey   | Reached skill level 6 in Dodging
  2021 | Bailey   | Reached XP level 9. HP: 43/66 MP: 15/18
  2028 | Bailey   | Reached skill level 5 in Transmutations
  2045 | Bailey   | Noticed an orc knight
  2093 | Bailey   | Killed an orc knight
  2093 | Bailey   | Reached skill level 4 in Short Blades
  2093 | Bailey   | Reached skill level 4 in Long Blades
  2093 | Bailey   | Reached skill level 4 in Axes
  2093 | Bailey   | Reached skill level 4 in Maces & Flails
  2093 | Bailey   | Reached skill level 4 in Polearms
  2093 | Bailey   | Reached skill level 4 in Staves
  2093 | Bailey   | Reached skill level 4 in Slings
  2093 | Bailey   | Reached skill level 4 in Bows
  2093 | Bailey   | Reached skill level 4 in Crossbows
  2093 | Bailey   | Reached skill level 4 in Throwing
  2093 | Bailey   | Reached skill level 4 in Armour
  2093 | Bailey   | Reached skill level 4 in Stealth
  2093 | Bailey   | Reached skill level 4 in Shields
  2093 | Bailey   | Reached skill level 4 in Evocations
  2129 | Bailey   | Got a crude dagger {flame}
  2137 | Bailey   | Reached skill level 5 in Fighting
  2153 | Bailey   | Reached *** piety under Cheibriados
  2236 | D:8      | Reached skill level 8 in Unarmed Combat
  2245 | D:8      | Found Moca Eqa's Assorted Antiques.
  2259 | D:8      | Bought a scroll labeled JICKUW MOBUDESCH for 33 gold pieces
  2259 | D:8      | Bought a fuming coppery potion for 29 gold pieces
  2259 | D:8      | Bought a steaming scale mail for 297 gold pieces
  2259 | D:8      | Bought a glowing emerald amulet for 165 gold pieces
  2259 | D:8      | Bought a scroll labeled JICKUW MOBUDESCH for 33 gold pieces
  2288 | D:8      | Identified the +4 scale mail of the Mind {Dex+4} (You bought it in a shop on level 8 of the Dungeon)
  2292 | D:8      | Learned a level 3 spell: Conjure Flame
  2296 | D:8      | Learned a level 3 spell: Mephitic Cloud
  2296 | D:8      | Identified the +9 dagger "Hiddeiry" {flame, MR+} (You took it off a kobold in a bailey)
  2369 | D:10     | Entered Level 10 of the Dungeon
  2374 | D:10     | Noticed a two-headed ogre
  2384 | D:10     | Killed a two-headed ogre
  2384 | D:10     | Reached skill level 7 in Spellcasting
  2384 | D:10     | Reached skill level 4 in Conjurations
  2384 | D:10     | Reached skill level 4 in Hexes
  2384 | D:10     | Reached skill level 4 in Charms
  2384 | D:10     | Reached skill level 4 in Summonings
  2384 | D:10     | Reached skill level 4 in Necromancy
  2384 | D:10     | Reached skill level 4 in Translocations
  2384 | D:10     | Reached skill level 4 in Fire Magic
  2384 | D:10     | Reached skill level 4 in Ice Magic
  2384 | D:10     | Reached skill level 4 in Air Magic
  2384 | D:10     | Reached skill level 4 in Earth Magic
  2384 | D:10     | Reached skill level 4 in Poison Magic
  2384 | D:10     | Reached skill level 5 in Invocations
  2384 | D:10     | Reached XP level 10. HP: 52/74 MP: 16/20
  2409 | D:10     | Noticed a deep elf mage
  2415 | D:10     | Killed a deep elf mage
  2415 | D:10     | Reached skill level 5 in Short Blades
  2415 | D:10     | Reached skill level 5 in Long Blades
  2415 | D:10     | Reached skill level 5 in Axes
  2415 | D:10     | Reached skill level 5 in Maces & Flails
  2415 | D:10     | Reached skill level 5 in Polearms
  2415 | D:10     | Reached skill level 5 in Staves
  2415 | D:10     | Reached skill level 5 in Slings
  2415 | D:10     | Reached skill level 5 in Bows
  2415 | D:10     | Reached skill level 5 in Crossbows
  2415 | D:10     | Reached skill level 5 in Throwing
  2415 | D:10     | Reached skill level 5 in Armour
  2415 | D:10     | Reached skill level 5 in Stealth
  2415 | D:10     | Reached skill level 5 in Shields
  2415 | D:10     | Reached skill level 5 in Evocations
  2620 | D:10     | Learned a level 5 spell: Blade Hands
  2708 | D:9      | Reached skill level 7 in Dodging
  2724 | D:9      | Reached skill level 6 in Fighting
  2725 | D:9      | Reached **** piety under Cheibriados
  2878 | D:9      | Found Xaomn's General Store.
  2889 | D:9      | Bought a scroll of magic mapping for 42 gold pieces
  2944 | D:11     | Reached skill level 6 in Transmutations
  2944 | D:11     | Reached skill level 6 in Invocations
  2962 | D:11     | Noticed Erolcha
  2976 | D:11     | Killed Erolcha
  2978 | D:11     | Reached XP level 11. HP: 54/82 MP: 16/22
  3153 | D:11     | Reached skill level 6 in Short Blades
  3153 | D:11     | Reached skill level 6 in Long Blades
  3153 | D:11     | Reached skill level 6 in Axes
  3153 | D:11     | Reached skill level 6 in Maces & Flails
  3153 | D:11     | Reached skill level 6 in Polearms
  3153 | D:11     | Reached skill level 6 in Staves
  3153 | D:11     | Reached skill level 6 in Slings
  3153 | D:11     | Reached skill level 6 in Bows
  3153 | D:11     | Reached skill level 6 in Crossbows
  3153 | D:11     | Reached skill level 6 in Throwing
  3153 | D:11     | Reached skill level 6 in Armour
  3153 | D:11     | Reached skill level 6 in Stealth
  3153 | D:11     | Reached skill level 6 in Shields
  3153 | D:11     | Reached skill level 9 in Unarmed Combat
  3153 | D:11     | Reached skill level 6 in Evocations
  3154 | D:11     | Noticed a two-headed ogre
  3171 | D:11     | Killed a two-headed ogre
  3171 | D:11     | Reached skill level 8 in Spellcasting
  3171 | D:11     | Reached skill level 5 in Conjurations
  3171 | D:11     | Reached skill level 5 in Hexes
  3171 | D:11     | Reached skill level 5 in Charms
  3171 | D:11     | Reached skill level 5 in Summonings
  3171 | D:11     | Reached skill level 5 in Necromancy
  3171 | D:11     | Reached skill level 5 in Translocations
  3171 | D:11     | Reached skill level 5 in Fire Magic
  3171 | D:11     | Reached skill level 5 in Ice Magic
  3171 | D:11     | Reached skill level 5 in Air Magic
  3171 | D:11     | Reached skill level 5 in Earth Magic
  3171 | D:11     | Reached skill level 5 in Poison Magic
  3176 | D:11     | Reached ***** piety under Cheibriados
  3181 | D:11     | Got a faintly humming chain mail
  3192 | D:11     | Noticed a two-headed ogre
  3202 | D:11     | Killed a two-headed ogre
  3246 | D:12     | Found Neuganyi's Book Shoppe.
  3421 | D:12     | Reached skill level 7 in Invocations
  3477 | D:12     | Reached skill level 7 in Fighting
  3477 | D:12     | Reached skill level 8 in Dodging
  3505 | D:12     | Found a staircase to the Orcish Mines.
  3505 | D:12     | Noticed a cyclops
  3509 | D:12     | Killed a cyclops
  3515 | D:12     | Found a roughly hewn altar of Beogh.
  3534 | D:12     | Noticed Psyche
  3561 | D:12     | Killed Psyche
  3661 | D:12     | Found Zellil's Jewellery Boutique.
  3699 | Orc:1    | Entered Level 1 of the Orcish Mines
  3700 | Orc:1    | Noticed an orc knight
  3711 | Orc:1    | Killed an orc knight
  3711 | Orc:1    | Reached XP level 12. HP: 91/91 MP: 14/24
  3811 | Orc:1    | Found Vuxe's Jewellery Shop.
  3906 | Orc:1    | Reached skill level 7 in Transmutations
  4000 | Orc:2    | Entered Level 2 of the Orcish Mines
  4051 | Orc:2    | Reached skill level 7 in Short Blades
  4051 | Orc:2    | Reached skill level 7 in Long Blades
  4051 | Orc:2    | Reached skill level 7 in Axes
  4051 | Orc:2    | Reached skill level 7 in Maces & Flails
  4051 | Orc:2    | Reached skill level 7 in Polearms
  4051 | Orc:2    | Reached skill level 7 in Staves
  4051 | Orc:2    | Reached skill level 7 in Slings
  4051 | Orc:2    | Reached skill level 7 in Bows
  4051 | Orc:2    | Reached skill level 7 in Crossbows
  4051 | Orc:2    | Reached skill level 7 in Throwing
  4051 | Orc:2    | Reached skill level 7 in Armour
  4051 | Orc:2    | Reached skill level 7 in Stealth
  4051 | Orc:2    | Reached skill level 7 in Shields
  4051 | Orc:2    | Reached skill level 7 in Evocations
  4115 | Orc:2    | Noticed a two-headed ogre
  4119 | Orc:2    | Noticed a two-headed ogre
  4121 | Orc:2    | Killed a two-headed ogre
  4126 | Orc:2    | Killed a two-headed ogre
  4128 | Orc:2    | Noticed a two-headed ogre
  4144 | Orc:2    | Noticed a two-headed ogre
  4144 | Orc:2    | Killed a two-headed ogre
  4144 | Orc:2    | Reached skill level 6 in Conjurations
  4144 | Orc:2    | Reached skill level 6 in Hexes
  4144 | Orc:2    | Reached skill level 6 in Charms
  4144 | Orc:2    | Reached skill level 6 in Summonings
  4144 | Orc:2    | Reached skill level 6 in Necromancy
  4144 | Orc:2    | Reached skill level 6 in Translocations
  4144 | Orc:2    | Reached skill level 6 in Fire Magic
  4144 | Orc:2    | Reached skill level 6 in Ice Magic
  4144 | Orc:2    | Reached skill level 6 in Air Magic
  4144 | Orc:2    | Reached skill level 6 in Earth Magic
  4144 | Orc:2    | Reached skill level 6 in Poison Magic
  4147 | Orc:2    | Noticed a two-headed ogre
  4151 | Orc:2    | Reached skill level 8 in Invocations
  4155 | Orc:2    | Killed a two-headed ogre
  4155 | Orc:2    | Reached skill level 9 in Spellcasting
  4158 | Orc:2    | Killed a two-headed ogre
  4182 | Orc:2    | Noticed an ogre mage
  4193 | Orc:2    | Killed an ogre mage
  4193 | Orc:2    | Reached skill level 8 in Fighting
  4193 | Orc:2    | Reached skill level 10 in Unarmed Combat
  4203 | Orc:2    | Noticed a two-headed ogre
  4209 | Orc:2    | Killed a two-headed ogre
  4218 | Orc:2    | Reached skill level 9 in Dodging
  4222 | Orc:2    | Found Weseitam's Assorted Antiques.
  4224 | Orc:2    | Noticed a two-headed ogre
  4225 | Orc:2    | Found Cetz's Antique Armour Shop.
  4232 | Orc:2    | Killed a two-headed ogre
  4234 | Orc:2    | Slain by a deep troll

Vault maps used:
D:1:      wheals_arrival_linesprint
D:2:      minitemple, uniq_jessica, uniq_crazy_yiuf_cottage
D:3:      minmay_strange_pillars, uniq_sigmund
D:4:      elyvilon_altar_1, marbit_many_paths, minmay_temple_entry_trees,
          uniq_menkaure, uniq_ijyb, uniq_duvessa
D:5:      lemuel_ice_spiral_2, serial_shops, shop, basic_altar, first_ration,
          uniq_grinder
D:6:      uniq_blork_the_orc
D:7:      kennysheep_seaside_town, grunt_gozag_statues,
          nicolae_qazlal_eye_of_the_storm
D:8:      serial_shops, shop_statue, enter_bailey_7, uniq_joseph
D:9:      grunt_lair_entry_orc_guard_hut, serial_shops, nicolae_shop_waterfront
D:10:     serial_co_window_serial, co_window_corner_a, co_window_paths_a,
          co_window_corner_a, co_window_corner_a, co_window_corner_a,
          co_window_of_opportunity_c, co_window_unsneaky_path_d,
          co_window_paths_c, co_window_corner_cb, co_window_2corner,
          co_window_sun, co_window_4corner_b, glass_columns_c
D:11:     blue_anna_alchemist, uniq_erolcha
D:12:     minmay_orc_entry_temple_small, serial_shops, shop, shop_fountains,
          shop, shop, uniq_psyche
D:13:     nicolae_dithmenos_the_darkroom
Temple:   regret_index_temple_generic_petals
Orc:1:    special_room, serial_shops, shop, uniq_nergalle
Orc:2:    st_orc_open
Bailey:   bailey_axe_4, bailey

Skill      XL: |  1  2  3  4  5  6  7  8  9 10 11 12 |
---------------+-------------------------------------+-----
Spellcasting   | 5 6 7 8 9 |  9.2
Invocations    | 1 2 3 4 5 6 7 8 |  8.4
Short Blades   | 1 2 3 4 5 6 7 |  7.6
Long Blades    | 1 2 3 4 5 6 7 |  7.6
Axes           | 1 2 3 4 5 6 7 |  7.6
Maces & Flails | 1 2 3 4 5 6 7 |  7.6
Polearms       | 1 2 3 4 5 6 7 |  7.6
Staves         | 1 2 3 4 5 6 7 |  7.6
Slings         | 1 2 3 4 5 6 7 |  7.6
Bows           | 1 2 3 4 5 6 7 |  7.6
Crossbows      | 1 2 3 4 5 6 7 |  7.6
Throwing       | 1 2 3 4 5 6 7 |  7.6
Armour         | 1 2 3 4 5 6 7 |  7.6
Stealth        | 1 2 3 4 5 6 7 |  7.6
Shields        | 1 2 3 4 5 6 7 |  7.6
Evocations     | 1 2 3 4 5 6 7 |  7.6
Conjurations   | 1 2 3 4 5 6 |  6.3
Hexes          | 1 2 3 4 5 6 |  6.3
Charms         | 1 2 3 4 5 6 |  6.3
Summonings     | 1 2 3 4 5 6 |  6.3
Necromancy     | 1 2 3 4 5 6 |  6.3
Translocations | 1 2 3 4 5 6 |  6.3
Fire Magic     | 1 2 3 4 5 6 |  6.3
Ice Magic      | 1 2 3 4 5 6 |  6.3
Air Magic      | 1 2 3 4 5 6 |  6.3
Earth Magic    | 1 2 3 4 5 6 |  6.3
Poison Magic   | 1 2 3 4 5 6 |  6.3
Fighting       | 3 4 5 6 7 8 |  8.1
Transmutations | 4 5 6 7 |  7.5
Dodging        | 5 6 7 8 9 |  9.0
Unarmed Combat | 7 8 9 10 | 10.1

Action                   |  1- 3 |  4- 6 |  7- 9 | 10-12 || total
-------------------------+-------+-------+-------+-------++-------
Melee: Unarmed           |    77 |    82 |   150 |   160 ||   469
       Kick              |     4 |       |       |     9 ||    13
       Bite              |     5 |     1 |     4 |    37 ||    47
       Headbutt          |     5 |       |     4 |    10 ||    19
       Punch             |     1 |       |       |    20 ||    21
       Dagger            |       |     3 |    14 |    95 ||   112
Throw: Stone             |     1 |       |     1 |       ||     2
       Tomahawk          |       |       |    12 |    19 ||    31
 Cast: Beastly Appendage |    12 |     1 |     1 |    12 ||    26
       Sticks to Snakes  |     5 |     5 |     6 |    22 ||    38
       Spider Form       |     5 |    15 |    15 |     1 ||    36
       Ice Form          |       |       |     5 |     3 ||     8
       Blade Hands       |       |       |       |    19 ||    19
Invok: Bend Time         |       |       |     1 |       ||     1
       Slouch            |       |       |       |     7 ||     7
 Abil: End Transformatio |       |       |     4 |     7 ||    11
       Evoke Flight      |       |       |     1 |       ||     1
Evoke: Wand              |       |       |    10 |    15 ||    25
  Use: Potion            |     3 |       |     1 |     1 ||     5
       Scroll            |       |     4 |     8 |       ||    12
 Stab: Sleeping          |       |     1 |     2 |    14 ||    17
       Invisible         |       |       |     5 |       ||     5
       Paralysed         |       |       |       |     2 ||     2
       Distracted        |       |       |       |     1 ||     1
  Eat: Chunk             |       |     3 |     4 |     9 ||    16
Armor: Robe              |     4 |       |       |       ||     4
       Skin              |       |     5 |    13 |     2 ||    20
       Leather armour    |       |       |     1 |       ||     1
       Scale mail        |       |       |     1 |    43 ||    44
Dodge: Dodged            |    38 |    75 |   172 |   227 ||   512

Table legend:
 A = Spawn XP
 B = Non-spawn XP
 C = Spawn XP percentage of total XP
 D = Spawn monster count
 E = Non-spawn monster count
 F = Spawn count percentage of total count
 G = Total turns spent on level
                    A         B        C        D         E        F      G
               +---------+---------+-------+---------+---------+-------+---------
         Total |       0 |   31496 |   0.0 |       0 |     319 |   0.0 |  4234
               +---------+---------+-------+---------+---------+-------+---------
           D:1 |       0 |      24 |   0.0 |       0 |      13 |   0.0 |   256
           D:2 |       0 |      38 |   0.0 |       0 |      15 |   0.0 |   315
           D:3 |       0 |      26 |   0.0 |       0 |      10 |   0.0 |   143
           D:4 |       0 |     377 |   0.0 |       0 |      11 |   0.0 |   296
           D:5 |       0 |     269 |   0.0 |       0 |      17 |   0.0 |   306
           D:6 |       0 |     281 |   0.0 |       0 |       8 |   0.0 |   141
           D:7 |       0 |      39 |   0.0 |       0 |       4 |   0.0 |    45
           D:8 |       0 |    1533 |   0.0 |       0 |      29 |   0.0 |   456
           D:9 |       0 |    1381 |   0.0 |       0 |      12 |   0.0 |   249
          D:10 |       0 |    2635 |   0.0 |       0 |      22 |   0.0 |   382
          D:11 |       0 |    5472 |   0.0 |       0 |      26 |   0.0 |   298
          D:12 |       0 |    4148 |   0.0 |       0 |      32 |   0.0 |   414
          D:13 |       0 |       3 |   0.0 |       0 |       1 |   0.0 |    55
         Orc:1 |       0 |    3381 |   0.0 |       0 |      40 |   0.0 |   301
         Orc:2 |       0 |   10522 |   0.0 |       0 |      53 |   0.0 |   234
        Bailey |       0 |    1367 |   0.0 |       0 |      26 |   0.0 |   222
               +---------+---------+-------+---------+---------+-------+---------

Table legend:
 A = Turns spent in this place as a percentage of turns spent in the entire game.
 B = Non-inter-level travel turns spent in this place as a percentage of non-inter-level travel turns spent in the entire game.
 C = Inter-level travel turns spent in this place as a percentage of turns spent in this place.
 D = Turns resting spent in this place as a percentage of non-inter-level travel turns spent in this place.
 E = Turns spent auto-exploring this place as a percentage of non-inter-level travel turns spent in this place.
 F = Non-inter-level travel turns spent in this place divided by the number of levels of this place that you've seen.
                   A       B       C       D       E      F
               +-------+-------+-------+-------+-------+----------------------
         Total | 100.0 | 100.0 |   0.2 |   0.0 |   0.0 | 248.5
       Dungeon |  79.3 |  79.4 |   0.0 |   0.0 |   0.0 | 258.2
        Temple |   2.9 |   2.7 |   7.4 |   0.0 |   0.0 | 112.0
  Orcish Mines |  12.6 |  12.7 |   0.0 |   0.0 |   0.0 | 267.5
        Bailey |   5.2 |   5.3 |   0.0 |   0.0 |   0.0 | 222.0
               +-------+-------+-------+-------+-------+----------------------

Table legend:
 A = Kills in this place as a percentage of kills in entire the game.
 B = Kills by you in this place as a percentage of kills by you in the entire game.
 C = Kills by friends in this place as a percentage of kills by friends in the entire game.
 D = Other kills in this place as a percentage of other kills in the entire game.
 E = Experience gained in this place as a percentage of experience gained in the entire game.
 F = Experience gained in this place divided by the number of levels of this place that you have seen.
                   A       B       C       D       E      F
               +-------+-------+-------+-------+-------+----------------------
         Total | 100.0 | 100.0 | 100.0 |   N/A | 100.0 | 1852.7
       Dungeon |  62.7 |  65.1 |  28.6 |   N/A |  51.5 | 1248.2
  Orcish Mines |  29.2 |  26.2 |  71.4 |   N/A |  44.1 | 6951.5
        Bailey |   8.2 |   8.7 |   0.0 |   N/A |   4.3 | 1367.0
               +-------+-------+-------+-------+-------+----------------------

Vault maps used:
D:1:      wheals_arrival_linesprint
D:2:      minitemple, uniq_jessica, uniq_crazy_yiuf_cottage
D:3:      minmay_strange_pillars, uniq_sigmund
D:4:      elyvilon_altar_1, marbit_many_paths, minmay_temple_entry_trees,
          uniq_menkaure, uniq_ijyb, uniq_duvessa
D:5:      lemuel_ice_spiral_2, serial_shops, shop, basic_altar, first_ration,
          uniq_grinder
D:6:      uniq_blork_the_orc
D:7:      kennysheep_seaside_town, grunt_gozag_statues,
          nicolae_qazlal_eye_of_the_storm
D:8:      serial_shops, shop_statue, enter_bailey_7, uniq_joseph
D:9:      grunt_lair_entry_orc_guard_hut, serial_shops, nicolae_shop_waterfront
D:10:     serial_co_window_serial, co_window_corner_a, co_window_paths_a,
          co_window_corner_a, co_window_corner_a, co_window_corner_a,
          co_window_of_opportunity_c, co_window_unsneaky_path_d,
          co_window_paths_c, co_window_corner_cb, co_window_2corner,
          co_window_sun, co_window_4corner_b, glass_columns_c
D:11:     blue_anna_alchemist, uniq_erolcha
D:12:     minmay_orc_entry_temple_small, serial_shops, shop, shop_fountains,
          shop, shop, uniq_psyche
D:13:     nicolae_dithmenos_the_darkroom
Temple:   regret_index_temple_generic_petals
Orc:1:    special_room, serial_shops, shop, uniq_nergalle
Orc:2:    st_orc_open
Bailey:   bailey_axe_4, bailey
